 Dungeon Crawl Stone Soup version 0.31-a0-455-g1a7b003ef0 (webtiles) character file.

Game seed: 16573244139226460372

90 MrMonkeyMan the Conjurer (level 4, -5/35 HPs)
             Began as a Draconian Conjurer on Aug 3, 2023.
             Slain by Pargi (6 damage)
             ... in a sewer.
             The game lasted 00:12:11 (2883 turns).

MrMonkeyMan the Conjurer (Draconian Conjurer)       Turns: 2883, Time: 00:12:13

Health: -5/35      AC:  5    Str:  9    XL:     4   Next: 32%
Magic:  0/8        EV: 12    Int: 20    God:
Gold:   72         SH:  0    Dex: 10    Spells: 6/9 levels left

rFire   . . .        k - +0 mace
rCold   . . .        (no shield)
rNeg    . . .        (body armour unavailable)
rPois   .            (helmet restricted)
rElec   .            (no cloak)
rCorr   .            (no gloves)
SInv    .            (no boots)
Will    +....        (no amulet)
Stlth   ++           n - ring of willpower
HPRegen 0.25/turn    (no ring)
MPRegen 0.11/turn

%: no passive effects
@: no status effects
A: AC +5, unfitting armour, cold-blooded
a: no special abilities


You were in a sewer.
You visited 1 branch of the dungeon, and saw 3 of its levels.
You also visited: Sewer.

You collected 72 gold pieces.

Inventory:

Hand Weapons
 k - a +0 mace (weapon)
Jewellery
 n - a ring of willpower (left hand)
Scrolls
 b - a scroll of identify {unknown}
 c - a scroll of amnesia {unknown}
 d - 2 scrolls of teleportation
 g - a scroll of immolation {unknown}
 i - a scroll of enchant weapon {unknown}
 l - a scroll of noise {unknown}
 m - a scroll of fog {unknown}
Potions
 a - a potion of magic
 e - a potion of might {unknown}
 f - 2 potions of enlightenment {unknown}
 h - a potion of heal wounds {unknown}
 j - a potion of resistance {unknown}
 o - a potion of curing {unknown}


   Skills:
 * Level 1.3 Fighting
 - Level 1.7 Dodging
 - Level 1.7 Stealth
 * Level 3.0 Spellcasting
 + Level 5.0 Conjurations


You had 6 spell levels left.
You knew the following spells:

 Your Spells              Type           Power      Damage    Failure   Level
a - Magic Dart            Conj           92%        1d7       1%          1
b - Searing Ray           Conj           46%        2d6       2%          2

Your spell library contained the following spells:

 Spells                   Type           Power      Damage    Failure   Level
 Dazzling Flash           Conj/Hex       26%        N/A       16%         3
 Fulminant Prism          Conj/Hex       6%         3d7       45%         4
 Iskenderun's Mystic Bla  Conj/Tloc      13%        2d5       45%         4


Dungeon Overview and Level Annotations

Branches:
Dungeon (3/15)              Sewer (1/1)

Altars:

Annotations:
Sewer Pargi


Innate Abilities, Weirdness & Mutations

Your plain brown scales are hard. (AC +5)
You cannot fit into any form of body armour.
You are cold-blooded and may be slowed by cold attacks.


Message History

Aiming: Searing Ray (safe; 2% risk of failure)
Press: ? - help, Shift-Dir - straight line, f/p - Pargi
Aim: Pargi (severely wounded, 72% to hit)
The searing ray hits Pargi!
Pargi is almost dead. (Press . to maintain the ray.) Pargi misses you.
Pargi claws you but does no damage. x2
Without enough magic to sustain it, your searing ray dissipates.
Pargi misses you. x2; Pargi claws you but does no damage.
You barely miss Pargi.
Your tail-slap misses Pargi.
Pargi is almost dead.
Pargi barely misses you. Pargi claws you. Pargi claws you but does no damage.
You hit Pargi but do no damage.
Your tail-slap misses Pargi.
Pargi is almost dead.
Pargi hisses menacingly.
Pargi misses you. Pargi claws you but does no damage. x2
Pargi bites you but does no damage. Pargi claws you but does no damage.
Pargi completely misses you.
You hit Pargi.
Pargi is almost dead.
Pargi bites you!
* * * LOW HITPOINT WARNING * * *
Pargi claws you but does no damage. x2
You miss Pargi.
Pargi is almost dead.
Pargi closely misses you. Pargi claws you.
* * * LOW HITPOINT WARNING * * *
Pargi claws you.
* * * LOW HITPOINT WARNING * * *
Pargi bites you but does no damage. Pargi closely misses you. Pargi claws you.
* * * LOW HITPOINT WARNING * * *
Casting: Searing Ray (safe; 2% risk of failure)
Confirm with . or Enter, or press ? or * to list all spells.
Aiming: Magic Dart (safe; 1% risk of failure)
Press: ? - help, Shift-Dir - straight line, f/p - Pargi
Aim: Pargi (almost dead, 100% to hit)
The magic dart hits Pargi.
Pargi is almost dead.
Pargi bites you.
You die...

..... ... ... ...
#.# ####### #!#
##.....## #T#
##...≈...#
#@#######...≈≈≈...
#..........≈≈≈≈≈†∩
#.#######...≈≈≈..†
#.# ##...≈...# #†#
##.....## #.#
####### #.# #.#
#∩#


You could see Pargi.

Vanquished Creatures
  An adder (D:2)
  A river rat (D:3)
  3 worms
  2 dart slugs (D:1)
  5 endoplasms
  3 giant cockroaches
  3 goblins
  5 hobgoblins
  3 jackals (D:1)
  6 kobolds
  2 quokkas
  4 ball pythons
  12 bats
  2 frilled lizards
  4 rats
56 creatures vanquished.

Notes
Turn   | Place    | Note
-------+----------+-------------------------------------------
     0 | D:1      | MrMonkeyMan the Draconian Conjurer began the quest for the
                  | Orb.
     0 | D:1      | Reached XP level 1. HP: 14/14 MP: 3/3
   301 | D:1      | Reached XP level 2. HP: 22/22 MP: 1/5
  1449 | D:2      | Learned a level 2 spell: Searing Ray
  1472 | D:2      | Reached XP level 3. HP: 27/27 MP: 3/6
  1591 | D:2      | Reached skill level 1 in Fighting
  2126 | D:2      | Found a faded altar of an unknown god.
  2639 | D:3      | Reached XP level 4. HP: 35/35 MP: 5/8
  2741 | D:3      | Found a glowing drain.
  2745 | Sewer    | Entered a sewer
  2833 | Sewer    | Reached skill level 5 in Conjurations
  2836 | Sewer    | Noticed Pargi
  2882 | Sewer    | HP: 1/35 [Pargi (4)]
  2883 | Sewer    | Slain by Pargi

Illustrated notes

Levels and vault maps discovered:
D:1:      matt_arrival_spirals, layout_loops_corners
D:2:      layout_rooms, hellmonk_ecumenical_altar_zigzags
D:3:      layout_loops_cross, gup_sewer_entry_bowl
Sewer:    sewer_big_baddie

Skill      XL: |  1  2  3  4 |
---------------+-------------+-----
Fighting       | 1 |  1.3
Spellcasting   | 3 |  3.0
Conjurations   | 5 |  5.0
Dodging        | |  1.7
Stealth        | |  1.7

Action                     |  1- 3 |  4- 6 || total
---------------------------+-------+-------++-------
  Melee: Whip              |    12 |       ||    12
         Mace              |     7 |    34 ||    41
         Tailslap          |     2 |     2 ||     4
   Cast: Magic Dart        |   102 |    25 ||   127
         Searing Ray       |       |     2 ||     2
    Use: Scroll            |     1 |       ||     1
 Armour: Skin              |     4 |    31 ||    35
  Dodge: Dodged            |    28 |    48 ||    76

Table legend: (Time is in decaauts)
 A = Elapsed time spent in this place.
 B = Non-inter-level travel time spent in this place.
 C = Inter-level travel time spent in this place.
 D = Time resting spent in this place.
 E = Time spent auto-exploring this place.
 F = Levels seen in this place.
 G = Mean time per level.
                   A        B        C        D        E       F      G
               +--------+--------+--------+--------+--------+-----+--------+
         Total |   2902 |   2771 |    131 |    402 |   1892 |   4 |  725.5 |
       Dungeon |   2758 |   2627 |    131 |    315 |   1879 |   3 |  919.3 |
         Sewer |    143 |    143 |      0 |     87 |     13 |   1 |  143.0 |
               +--------+--------+--------+--------+--------+-----+--------+

Top non-repeatable levels by time:
     D:1: 1444 daAuts
     D:2: 1047 daAuts
     D:3: 267 daAuts
   Sewer: 143 daAuts
